 Dungeon Crawl Stone Soup version 0.22-a0-512-g0943f25 (webtiles) character file.

33 inc the Changer (level 3, 15/15 HPs)
             Began as a Felid Transmuter on June 18, 2018.
             Quit the game on level 3 of the Dungeon.
             The game lasted 00:02:58 (2470 turns).

inc the Changer (Felid Transmuter)                  Turns: 2470, Time: 00:02:59

Health: 15/15      AC:  1    Str:  6    XL:     3   Next: 12%
Magic:  7/7        EV: 18    Int: 14    God:
Gold:   92         SH:  0    Dex: 17    Spells: 5/6 levels left
                                        Lives:  0   Deaths: 1

rFire    . . .     SeeInvis +     - Unarmed
rCold    . . .     Gourm    .   (shield unavailable)
rNeg     + . .     Faith    .   (armour unavailable)
rPois    .         Spirit   .   (helmet unavailable)
rElec    .         Reflect  .   (cloak unavailable)
rCorr    .         Harm     .   (gloves unavailable)
MR       .....                  (boots unavailable)
Stlth    ++........             (no amulet)
HPRegen  0.05/turn              m - ring of positive energy
MPRegen  0.10/turn              (no ring)

@: quick
A: very small, no armour, no weapons or thrown items, stealth, claws 1, fangs 3,
see invisible, carnivore, speed 1, sense surroundings 1, screaming 1, shaggy fur
1, slow metabolism 1, sharp paws
a: no special abilities


You were on level 3 of the Dungeon.
You were not hungry.

You visited 1 branch of the dungeon, and saw 3 of its levels.

You collected 92 gold pieces.

Inventory:

Missiles
 a - 12 arrows
Jewellery
 m - a ring of positive energy (left paw)
Scrolls
 d - 3 scrolls of teleportation {unknown}
 e - a scroll of fear {unknown}
 i - a scroll of identify {unknown}
 j - 2 scrolls of immolation {unknown}
 k - a scroll of random uselessness {unknown}
 l - 3 scrolls of enchant weapon {unknown}
 n - a scroll of fog {unknown}
Potions
 b - a potion of might
 f - 2 potions of haste
 p - a potion of agility {unknown}
Comestibles
 c - 9 rations


   Skills:
 - Level 1.0 Fighting
 - Level 2.6 Dodging
 - Level 3.0 Unarmed Combat
 - Level 2.0 Spellcasting
 + Level 4.9 Transmutations


You had 5 spell levels left.
You knew the following spells:

 Your Spells              Type           Power        Failure   Level  Hunger
a - Beastly Appendage     Tmut           ###...       3%          1    ##.....

Your spell library contained the following spells:

 Spells                   Type           Power        Failure   Level  Hunger
 Spider Form              Tmut/Pois      #.........   26%         3    ####...
 Blade Hands              Tmut           ###.......   65%         5    ######.
 Ice Form                 Ice/Tmut       #.......     65%         4    #####..
 Sticks to Snakes         Tmut           ###.....     4%          2    ###....


Dungeon Overview and Level Annotations

Branches:
Dungeon (3/15)

Altars:


Innate Abilities, Weirdness & Mutations

You cannot wear armour.
You are incapable of wielding weapons or throwing items.
Your paws allow you to move quietly. (Stealth)
You have sharp claws.
You have razor-sharp teeth.
You have supernaturally acute eyesight. (SInv)
You are carnivorous and can eat meat at any time.
You cover ground quickly.
You are covered in fur. (AC +1)
You have a slow metabolism.
Your sharp claws are effective at attacking unaware monsters.
You passively map a small area around you.
You occasionally shout uncontrollably at your foes.


Message History

You see here an adder corpse.
It was a potion of degeneration.
There was something very wrong with that liquid.
You feel weakened.
You feel dopey.
You feel clumsy.
* * * LOW HITPOINT WARNING * * *
You feel sick.
It was a potion of mutation.
You feel extremely strange.
You feel the urge to shout.
You feel a strange attunement to the structure of the dungeons.
The goblin shoots a stone.
The stone hits you.
* * * LOW HITPOINT WARNING * * *
It was a potion of resistance.
You feel protected.
You die...
Your shape twists and changes as you die.
You feel sick.
The goblin shoots a stone.
The stone misses you.
You are now level 3!
Your horns disappear.
You rejoin the land of the living...
Are you sure you want to abandon this character and quit the game? (Confirm with "yes".)

#.#
#............#.###.#.......
#.#
#............#.#<#.#.......
#.#
#..........[.#.#.#.#.......
#.#
#......>.....'.....'.......
#.#
#............#.#.###.......
#.#
#............#.#...........
#.#
#...รท.)......#.###.........
#.# #............#.#
#.........
#.###.........@..#.#
#.........
#.......###.######.#
#.........
#######.###.######.#
#......... #.............
.......... ######'######.# *
.... #..........##.# #####.
#..........##.# ......
#..........##.###########.
#..........##.#.........##


There were no monsters in sight!

Vanquished Creatures
  3 adders
  An ooze (D:3)
  A worm (D:2)
  2 dart slugs (D:1)
  A leopard gecko (D:3)
  A giant cockroach (D:3)
  4 goblins
  3 hobgoblins
  4 jackals (D:2)
  4 kobolds
  3 quokkas (D:2)
  2 bats (D:2)
  4 frilled lizards
  5 rats
38 creatures vanquished.

Notes
Turn   | Place    | Note
-------+----------+-------------------------------------------
     0 | D:1      | inc the Felid Transmuter began the quest for the Orb.
     0 | D:1      | Reached XP level 1. HP: 9/9 MP: 4/4
   165 | D:1      | Reached skill level 3 in Transmutations
   189 | D:1      | Reached XP level 2. HP: 12/12 MP: 6/6
   811 | D:2      | Reached XP level 3. HP: 6/15 MP: 5/7
  1130 | D:2      | Reached skill level 4 in Transmutations
  2406 | D:3      | Reached XP level 4. HP: 17/19 MP: 6/8
  2468 | D:3      | Gained mutation: You occasionally shout uncontrollably at your foes. [potion of mutation]
  2468 | D:3      | Gained mutation: You passively map a small area around you. [potion of mutation]
  2469 | D:3      | Succumbed to an adder's poison
  2470 | D:3      | Reached XP level 3. HP: 0/15 MP: 7/7
  2470 | D:3      | Quit the game

Vault maps used:
D:1:      minmay_arrival_glassed_features
D:3:      kennysheep_generic_room_7

Skill      XL: |  1  2  3 |
---------------+----------+-----
Transmutations | 3 4 |  4.9
Fighting       | |  1.0
Dodging        | |  2.6
Unarmed Combat | |  3.0
Spellcasting   | |  2.0

Action                   |  1- 3 |  4- 6 || total
-------------------------+-------+-------++-------
Melee: Unarmed           |   142 |     7 ||   149
       Headbutt          |    10 |       ||    10
       Bite              |    10 |       ||    10
       Punch             |     2 |       ||     2
 Cast: Beastly Appendage |     7 |     1 ||     8
  Use: Potion            |     3 |     3 ||     6
 Stab: Sleeping          |     8 |       ||     8
  Eat: Chunk             |     2 |       ||     2
Armor: Skin              |     8 |       ||     8
Dodge: Dodged            |   122 |     8 ||   130

Table legend:
 A = Spawn XP
 B = Non-spawn XP
 C = Spawn XP percentage of total XP
 D = Spawn monster count
 E = Non-spawn monster count
 F = Spawn count percentage of total count
 G = Total turns spent on level
                    A         B        C        D         E        F      G
               +---------+---------+-------+---------+---------+-------+---------
         Total |       0 |     110 |   0.0 |       0 |      38 |   0.0 |  2470
               +---------+---------+-------+---------+---------+-------+---------
           D:1 |       0 |      23 |   0.0 |       0 |      12 |   0.0 |   839
           D:2 |       0 |      46 |   0.0 |       0 |      18 |   0.0 |  1273
           D:3 |       0 |      41 |   0.0 |       0 |       8 |   0.0 |   358
               +---------+---------+-------+---------+---------+-------+---------
